 Dungeon Crawl Stone Soup version 0.20.0-10-g0535bb4 (webtiles) character file.

287 nikopol the Shield-Bearer (level 6, -3/38 HPs)
             Began as a Gargoyle Fighter on June 4, 2017.
             Was an Initiate of Okawaru.
             Slain by an orc
             ... wielding a +1 trident of distortion
              (7 damage)
             ... on level 4 of the Dungeon.
             The game lasted 00:05:42 (3448 turns).

nikopol the Shield-Bearer (Gargoyle Fighter)        Turns: 3448, Time: 00:05:43

Health: -3/38      AC: 12    Str: 22    XL:     6   Next: 30%
Magic:  6/6        EV:  8    Int:  8    God:    Okawaru [......]
Gold:   187        SH:  9    Dex:  9    Spells: 5/5 levels left

rFire    . . .     SeeInvis .   a - +0 war axe
rCold    + . .     Gourm    .   c - +0 shield
rNeg     + . .     Faith    .   b - +0 scale mail
rPois    ∞         Spirit   .   (no helmet)
rElec    +         Reflect  .   (no cloak)
rCorr    .         Harm     .   (no gloves)
MR       .....                  y - +0 pair of boots
Stlth    ..........             (no amulet)
Regen    0.2/turn               (no ring)
MPRegen  0.1/turn               r - ring of protection from cold

@: no status effects
A: negative energy resistance 1, electricity resistance, unbreathing,
petrification resistance, rot immunity, AC +4
a: Renounce Religion


You were on level 4 of the Dungeon.
You worshipped Okawaru.
Okawaru was noncommittal.
You were not hungry.

You visited 2 branches of the dungeon, and saw 5 of its levels.

You collected 187 gold pieces.

Inventory:

Hand Weapons
 a - a +0 war axe (weapon)
Armour
 b - a +0 scale mail (worn)
 c - a +0 shield (worn)
 y - a +0 pair of boots (worn)
Jewellery
 r - a ring of protection from cold (right hand)
Wands
 B - a wand of polymorph (10/24)
Scrolls
 g - 4 scrolls of identify {unknown}
 i - a scroll of enchant weapon {unknown}
 j - a scroll of fog {unknown}
 k - a scroll of magic mapping {unknown}
 o - a scroll of amnesia {unknown}
 s - a scroll of immolation {unknown}
 x - a scroll of enchant armour {unknown}
 z - a scroll of teleportation {unknown}
 A - 2 scrolls of remove curse {unknown}
Potions
 d - 2 potions of might
 e - 3 potions of curing {unknown}
 h - a potion of flight {unknown}
 m - a potion of heal wounds {unknown}
 n - 2 potions of cancellation {unknown}
 p - a potion of mutation {unknown}
 q - a potion of haste
 u - 2 potions of agility {unknown}
Books
 v - a book of Conjurations

   Spells                             Type                      Level
   a - Magic Dart                     Conjuration                  1
   b - Searing Ray                    Conjuration                  2
   c - Dazzling Spray                 Conjuration/Hexes            3
   d - Fulminant Prism                Conjuration/Hexes            4
   e - Force Lance                    Conjuration/Translocation    4
   f - Iskenderun's Mystic Blast      Conjuration                  4
Comestibles
 f - 3 bread rations
 t - 5 fruits
 w - a royal jelly
 C - a chunk of flesh


   Skills:
 + Level 3.9 Fighting
 + Level 3.5 Axes
 + Level 4.6 Armour
 + Level 1.2 Dodging
 + Level 0.2 Stealth
 + Level 4.6 Shields


You had 5 spell levels left.
You didn't know any spells.

Dungeon Overview and Level Annotations

Branches:
Dungeon (4/15)             Temple (1/1) D:4

Altars:
Okawaru
Qazlal
Ru
The Shining One


Innate Abilities, Weirdness & Mutations

You are resistant to torment.
Your stone body is resilient. (AC +4)
You are immune to poison.
You resist negative energy. (rN+)
You are resistant to electric shocks. (rElec)
You can survive without breathing.
You are immune to petrification.
You are immune to rotting.


Message History

The orc is severely wounded.
The orc closely misses you.
You closely miss the orc.
The orc is severely wounded.
The orc barely misses you. The orc misses you.
You hit the orc but do no damage.
The orc is severely wounded.
The orc hits you but does no damage. Space warps horribly around you!
* * * LOW HITPOINT WARNING * * *
You closely miss the orc.
The orc is severely wounded.
The orc hits you but does no damage.
You blink.
You hit the orc.
The orc is lightly wounded.
The orc barely misses you. The orc closely misses you.
You block the orc's attack. The orc barely misses you.
You completely miss the orc.
The orc is severely wounded.
You hit the orc. The orc hits you but does no damage. Space bends around you.
You die...

########## #####.### #.# ##
###.# .#### ###########...#
....# #........##...# ....##
#.######.##...#### #
.>...####=##.....(.......#.#
...(.....)##.###...........#
..P.###.#....###@o.......#
..### #........o.##....###
#.# ##.##########...## #.#
#.# #...# #.# ... ###.# #.#
.#... ##'## #.# #.###.
##...## #.# # ##.....## ..#
##.......##


You could see 2 orcs.

Vanquished Creatures
  An ogre (D:4)
  An iguana (D:4)
  A worker ant (D:4)
  7 adders
  An ooze (D:1)
  An adder skeleton (D:4)
  3 worms
  2 dart slugs
  2 leopard geckos
  2 orcs (D:3)
  3 giant cockroaches
  6 goblins
  7 hobgoblins
  5 jackals
  11 kobolds
  A quokka (D:4)
  A ball python (D:1)
  7 bats
  6 frilled lizards
  4 rats
72 creatures vanquished.

Vanquished Creatures (others)
  A frilled lizard (D:2)
1 creature vanquished.

Grand Total: 73 creatures vanquished

Notes
Turn   | Place    | Note
-------+----------+-------------------------------------------
     0 | D:1      | nikopol the Gargoyle Fighter began the quest for the Orb.
     0 | D:1      | Reached XP level 1. HP: 14/14 MP: 1/1
    47 | D:1      | Reached XP level 2. HP: 8/19 MP: 2/2
   486 | D:1      | Reached XP level 3. HP: 21/23 MP: 3/3
  1216 | D:2      | Reached XP level 4. HP: 28/28 MP: 4/4
  1227 | D:2      | Found a stormy altar of Qazlal.
  1229 | D:2      | Noticed an earth elemental
  1230 | D:2      | Noticed a fire elemental
  1230 | D:2      | Noticed a water elemental
  1230 | D:2      | Noticed an air elemental
  1679 | D:3      | Found a glowing golden altar of the Shining One.
  2575 | D:4      | Reached XP level 5. HP: 32/32 MP: 5/5
  2845 | D:4      | Reached skill level 1 in Dodging
  3235 | D:4      | Found a staircase to the Ecumenical Temple.
  3243 | Temple   | Entered the Ecumenical Temple
  3285 | Temple   | Became a worshipper of Warmaster Okawaru
  3301 | D:4      | Noticed an ogre
  3310 | D:4      | Killed an ogre
  3310 | D:4      | Reached XP level 6. HP: 28/38 MP: 6/6
  3448 | D:4      | Slain by an orc

Skill      XL: |  1  2  3  4  5 |
---------------+----------------+-----
Armour         | 4 |  4.6
Axes           | 2 3 |  3.5
Shields        | 4 |  4.6
Dodging        | 1 |  1.2
Fighting       | |  3.9
Stealth        | |  0.2

Action                   |  1- 3 |  4- 6 || total
-------------------------+-------+-------++-------
Melee: War axe           |   122 |   174 ||   296
Evoke: Wand              |       |     1 ||     1
  Eat: Chunk             |     1 |     8 ||     9
Armor: Scale mail        |    67 |    90 ||   157
Dodge: Dodged            |    53 |    63 ||   116
Block: Shield            |    81 |    95 ||   176
